| TOP OF THE 1ST |
|
Mississippi Braves batting - Pitching for Colorado (EL) Rockies : RHP Mike Wilkins
|
|
Pitching: RHP Mike Wilkins
|
|
|
Batting: LHB Tsutomu Miyahara
|
0-0: Called Strike 0-1: Foul Ball, location: 2F 0-2: Foul Ball, location: 2F 0-2: Foul Ball, location: 2F 0-2: Ball 1-2: Ground out 4-3 (Groundball, 4, EV 86.2 MPH)
|
|
Batting: RHB Luis Revilla
|
0-0: Swinging Strike 0-1: Called Strike 0-2: Strikes out swinging
|
|
Batting: LHB Chad Persaud
|
0-0: Ball 1-0: Ball 2-0: Foul Ball, location: 2F 2-1: Foul Ball, location: 2F 2-2: Foul Ball, location: 2F 2-2: Ground out 5-3 (Groundball, 56, EV 84.4 MPH)
|
| Top of the 1st over - 0 runs, 0 hits, 0 errors, 0 left on base; Mississippi 0 - Colorado (EL) 0 |
| BOTTOM OF THE 1ST |
|
Colorado (EL) Rockies batting - Pitching for Mississippi Braves : RHP Marvin Velasco
|
|
Pitching: RHP Marvin Velasco
|
|
|
Batting: RHB Matt Fabre
|
0-0: Ball 1-0: SINGLE (Line Drive, 34, EV 95.0 MPH)
|
|
Batting: LHB Eric Ludwig
|
0-0: Ball 1-0: Foul Ball, location: 2F 1-1: Reached on error, E1 (Groundball, 25, EV 73.8 MPH) Matt Fabre to second
|
|
Batting: RHB Ernest Olkowicz
|
0-0: Ball 1-0: Ball Matt Fabre steals 3rd base 2-0: Ball 3-0: Foul Ball, location: 2F 3-1: Called Strike 3-2: Base on Balls Eric Ludwig to second
|
|
Batting: LHB Zack Guillen
|
0-0: Called Strike 0-1: Ball 1-1: Fly out, F8 (Flyball, 78M, EV 88.8 MPH) Runner from 3rd tags up, SCORES, no throw by CF
|
|
Batting: RHB Andy Solorzano
|
0-0: Ball 1-0: Foul Ball, location: 2F 1-1: Called Strike 1-2: Foul Ball, location: 2F 1-2: Ball 2-2: SINGLE (Line Drive, 4M, EV 97.5 MPH) Eric Ludwig to third Ernest Olkowicz to second
|
|
Batting: SHB Pete Perla
|
0-0: Called Strike 0-1: Fly out, F8 (Flyball, 89M, EV 91.2 MPH)
|
|
Batting: LHB Ryan Rodgers
|
0-0: Swinging Strike 0-1: Foul Ball, location: 2F 0-2: Ball 1-2: GRAND SLAM HOME RUN (Flyball, 89XD, EV 106.2 MPH), Distance : 395 ft
|
|
Batting: RHB R.J. Anchondo
|
0-0: Swinging Strike 0-1: Ball 1-1: Ball 2-1: Ground out U3 (Groundball, 13, EV 86.2 MPH)
|
| Bottom of the 1st over - 5 runs, 3 hits, 1 error, 0 left on base; Mississippi 0 - Colorado (EL) 5 |
| TOP OF THE 2ND |
|
Mississippi Braves batting - Pitching for Colorado (EL) Rockies : RHP Mike Wilkins
|
|
Batting: LHB Oke Monti
|
0-0: Ball 1-0: Ground out 4-3 (Groundball, 4, EV 108.1 MPH)
|
|
Batting: RHB Hieronim Rutkowski
|
0-0: Ball 1-0: Foul Ball, location: 2F 1-1: Ball 2-1: Swinging Strike 2-2: Fly out, F7 (Line Drive, 7, EV 93.8 MPH)
|
|
Batting: RHB Edgar Castillo
|
0-0: Called Strike 0-1: Foul Ball, location: 2F 0-2: Foul Ball, location: 2F 0-2: Fly out, F9 (Flyball, 9D, EV 103.1 MPH)
|
| Top of the 2nd over - 0 runs, 0 hits, 0 errors, 0 left on base; Mississippi 0 - Colorado (EL) 5 |
| BOTTOM OF THE 2ND |
|
Colorado (EL) Rockies batting - Pitching for Mississippi Braves : RHP Marvin Velasco
|
|
Batting: RHB Max Schellekens
|
0-0: Called Strike 0-1: Ground out 6-3 (Groundball, 6, EV 96.2 MPH)
|
|
Batting: RHB Matt Fabre
|
0-0: Foul Ball, location: 2F 0-1: Called Strike 0-2: Ball 1-2: Ball 2-2: Strikes out swinging
|
|
Batting: LHB Eric Ludwig
|
0-0: Ball 1-0: Called Strike 1-1: Called Strike 1-2: Fly out, F7 (Flyball, 7LMF, EV 80.0 MPH)
|
| Bottom of the 2nd over - 0 runs, 0 hits, 0 errors, 0 left on base; Mississippi 0 - Colorado (EL) 5 |
| TOP OF THE 3RD |
|
Mississippi Braves batting - Pitching for Colorado (EL) Rockies : RHP Mike Wilkins
|
|
Batting: RHB Mike Meeker
|
0-0: Ball 1-0: Ball 2-0: Ball 3-0: Base on Balls
|
|
Batting: RHB Alex Velasquez
|
0-0: Ball 1-0: Called Strike Mike Meeker steals 2nd base 1-1: Ball 2-1: Ground out 2-3 (Groundball, 2R, EV 73.1 MPH) Mike Meeker to third
|
|
Batting: RHB Andy Cunningham
|
0-0: Ball 1-0: Foul Ball, location: 2F 1-1: Ground out U3 (Groundball, 3S, EV 86.2 MPH)
|
|
Batting: LHB Tsutomu Miyahara
|
0-0: Ball 1-0: Swinging Strike 1-1: Ball 2-1: Foul Ball, location: 2F 2-2: Foul Ball, location: 2F 2-2: Ball 3-2: Base on Balls
|
|
Batting: RHB Luis Revilla
|
0-0: Swinging Strike 0-1: Ball Tsutomu Miyahara steals 2nd base 1-1: DOUBLE (Groundball, 5L, EV 110.0 MPH) Mike Meeker scores Tsutomu Miyahara scores
|
|
Batting: LHB Chad Persaud
|
0-0: Ball 1-0: Ball 2-0: Called Strike 2-1: SINGLE (Groundball, 6M, EV 98.8 MPH) (infield hit) Luis Revilla to third
|
|
Batting: LHB Oke Monti
|
0-0: Ball 1-0: Called Strike 1-1: Foul Ball, location: 2F 1-2: Ground out 4-3 (Groundball, 4, EV 99.4 MPH)
|
| Top of the 3rd over - 2 runs, 2 hits, 0 errors, 2 left on base; Mississippi 2 - Colorado (EL) 5 |
| BOTTOM OF THE 3RD |
|
Colorado (EL) Rockies batting - Pitching for Mississippi Braves : RHP Marvin Velasco
|
|
Batting: RHB Ernest Olkowicz
|
0-0: Called Strike 0-1: Fly out, F7 (Flyball, 8LS, EV 68.1 MPH)
|
|
Batting: LHB Zack Guillen
|
0-0: Swinging Strike 0-1: Swinging Strike 0-2: Strikes out looking
|
|
Batting: RHB Andy Solorzano
|
0-0: Foul Ball, location: 2F 0-1: Ball 1-1: Foul Ball, location: 2F 1-2: Ground out 6-3 (Groundball, 6, EV 82.5 MPH)
|
| Bottom of the 3rd over - 0 runs, 0 hits, 0 errors, 0 left on base; Mississippi 2 - Colorado (EL) 5 |
| TOP OF THE 4TH |
|
Mississippi Braves batting - Pitching for Colorado (EL) Rockies : RHP Mike Wilkins
|
|
Batting: RHB Hieronim Rutkowski
|
0-0: Ball 1-0: Ground out 5-3 (Groundball, 56, EV 89.4 MPH)
|
|
Batting: RHB Edgar Castillo
|
0-0: Ball 1-0: TRIPLE (Line Drive, 89XD, EV 103.1 MPH)
|
|
Batting: RHB Mike Meeker
|
0-0: Fly out, F8 (Flyball, 8RS, EV 80.6 MPH)
|
|
Batting: RHB Alex Velasquez
|
0-0: Ball 1-0: Called Strike 1-1: SINGLE (Groundball, 56D, EV 103.1 MPH) Edgar Castillo scores
|
|
Batting: RHB Andy Cunningham
|
0-0: Ball Alex Velasquez steals 2nd base 1-0: Called Strike 1-1: Swinging Strike 1-2: Strikes out looking
|
| Top of the 4th over - 1 run, 2 hits, 0 errors, 1 left on base; Mississippi 3 - Colorado (EL) 5 |
| BOTTOM OF THE 4TH |
|
Colorado (EL) Rockies batting - Pitching for Mississippi Braves : RHP Marvin Velasco
|
|
Batting: SHB Pete Perla
|
0-0: Ball 1-0: Ball 2-0: Ball 3-0: Foul Ball, location: 2F 3-1: Foul Ball, location: 2F 3-2: Foul Ball, location: 2F 3-2: DOUBLE (Line Drive, 7LD, EV 101.2 MPH)
|
|
Pitching: RHP Josh Thomas
|
|
|
Batting: LHB Ryan Rodgers
|
0-0: Ball 1-0: Foul Ball, location: 2F 1-1: Foul Ball, location: 2F 1-2: Fly out, F9 (Flyball, 9S, EV 96.2 MPH)
|
|
Batting: RHB R.J. Anchondo
|
0-0: Foul Ball, location: 2F 0-1: Ball 1-1: Foul Ball, location: 2F 1-2: Strikes out swinging
|
|
Batting: RHB Max Schellekens
|
0-0: SINGLE (Line Drive, 8RS, EV 109.4 MPH) Pete Perla to third Runner from 3rd tries for Home, SAFE, throw by CF to home
|
|
Batting: RHB Matt Fabre
|
0-0: Swinging Strike 0-1: Ball 1-1: Fly out, F8 (Flyball, 8RS, EV 85.6 MPH)
|
| Bottom of the 4th over - 1 run, 2 hits, 0 errors, 1 left on base; Mississippi 3 - Colorado (EL) 6 |
| TOP OF THE 5TH |
|
Mississippi Braves batting - Pitching for Colorado (EL) Rockies : RHP Mike Wilkins
|
|
Batting: LHB Tsutomu Miyahara
|
0-0: SINGLE (Groundball, 34D, EV 99.4 MPH)
|
|
Batting: RHB Luis Revilla
|
0-0: Ball 1-0: Ball 2-0: Called Strike Tsutomu Miyahara steals 2nd base 2-1: Foul Ball, location: 2F 2-2: Foul Ball, location: 2F 2-2: Ball 3-2: Foul Ball, location: 2F 3-2: Fly out, F8 (Line Drive, 8LM, EV 86.2 MPH)
|
|
Batting: LHB Chad Persaud
|
0-0: Called Strike 0-1: Ball Tsutomu Miyahara steals 3rd base 1-1: Swinging Strike 1-2: Ball 2-2: Strikes out swinging
|
|
Batting: LHB Oke Monti
|
0-0: Foul Ball, location: 2F 0-1: Ball 1-1: Swinging Strike 1-2: Fly out, F9 (Flyball, 9D, EV 95.6 MPH)
|
| Top of the 5th over - 0 runs, 1 hit, 0 errors, 1 left on base; Mississippi 3 - Colorado (EL) 6 |
| BOTTOM OF THE 5TH |
|
Colorado (EL) Rockies batting - Pitching for Mississippi Braves : RHP Josh Thomas
|
|
Batting: LHB Eric Ludwig
|
0-0: Called Strike 0-1: Ball 1-1: Called Strike 1-2: Strikes out swinging
|
|
Batting: RHB Ernest Olkowicz
|
0-0: Ball 1-0: Foul Ball, location: 2F 1-1: Swinging Strike 1-2: Strikes out swinging
|
|
Batting: LHB Zack Guillen
|
0-0: Ball 1-0: Ball 2-0: Swinging Strike 2-1: Ball 3-1: Base on Balls
|
|
Batting: RHB Andy Solorzano
|
0-0: Ball 1-0: Ball Zack Guillen is caught stealing 2nd base 2-4
|
| Bottom of the 5th over - 0 runs, 0 hits, 0 errors, 0 left on base; Mississippi 3 - Colorado (EL) 6 |
| TOP OF THE 6TH |
|
Mississippi Braves batting - Pitching for Colorado (EL) Rockies : RHP Mike Wilkins
|
|
Batting: RHB Hieronim Rutkowski
|
0-0: Ball 1-0: DOUBLE (Line Drive, 9LM, EV 110.6 MPH)
|
|
Pitching: LHP Andy Silveira
|
|
|
Batting: RHB Edgar Castillo
|
0-0: Ball 1-0: Foul Ball, location: 2F 1-1: Swinging Strike 1-2: Ball 2-2: Ball 3-2: Base on Balls
|
|
Batting: RHB Mike Meeker
|
0-0: Ball 1-0: Ball 2-0: Ball 3-0: Called Strike 3-1: Called Strike 3-2: Ground out 5-3 (Groundball, 56S, EV 62.5 MPH) Hieronim Rutkowski to third Edgar Castillo to second
|
|
Batting: RHB Alex Velasquez
|
0-0: Called Strike 0-1: Ball 1-1: Ball 2-1: Foul Ball, location: 2F 2-2: Ground out U3 (Groundball, 34S, EV 88.1 MPH) Hieronim Rutkowski scores Edgar Castillo to third
|
|
Batting: RHB Andy Cunningham
|
0-0: Ball 1-0: Ball 2-0: Ground out 4-3 (Groundball, 4, EV 82.5 MPH)
|
| Top of the 6th over - 1 run, 1 hit, 0 errors, 1 left on base; Mississippi 4 - Colorado (EL) 6 |
| BOTTOM OF THE 6TH |
|
Colorado (EL) Rockies batting - Pitching for Mississippi Braves : RHP Josh Thomas
|
|
Batting: RHB Andy Solorzano
|
0-0: Foul Ball, location: 2F 0-1: Foul Ball, location: 2F 0-2: Foul Ball, location: 2F 0-2: Ball 1-2: Strikes out swinging
|
|
Batting: SHB Pete Perla
|
0-0: Ball 1-0: SINGLE (Groundball, 6MD, EV 95.6 MPH)
|
|
Batting: LHB Ryan Rodgers
|
0-0: Called Strike Pete Perla steals 2nd base 0-1: Ball 1-1: Intentional Walk
|
|
Batting: RHB R.J. Anchondo
|
0-0: Ball 1-0: Ball 2-0: Foul Ball, location: 2F 2-1: Ball 3-1: Called Strike 3-2: Fly out, F7 (Flyball, 7S, EV 96.9 MPH)
|
|
Batting: RHB Max Schellekens
|
0-0: Fielders Choice at 2nd, 6-4 (Groundball, 6, EV 81.2 MPH)
|
| Bottom of the 6th over - 0 runs, 1 hit, 0 errors, 2 left on base; Mississippi 4 - Colorado (EL) 6 |
| TOP OF THE 7TH |
|
Mississippi Braves batting - Pitching for Colorado (EL) Rockies : LHP Andy Silveira
|
|
Batting: LHB Tsutomu Miyahara
|
0-0: Called Strike 0-1: Ball 1-1: Ball 2-1: Fly out, F7 (Line Drive, 78M, EV 106.9 MPH)
|
|
Batting: RHB Luis Revilla
|
0-0: Ball 1-0: Ball 2-0: Ball 3-0: Called Strike 3-1: Called Strike 3-2: Ground out 3-1 (Groundball, 34, EV 90.6 MPH)
|
|
Batting: LHB Chad Persaud
|
0-0: Called Strike 0-1: Ground out 3-1 (Groundball, 34, EV 95.6 MPH)
|
| Top of the 7th over - 0 runs, 0 hits, 0 errors, 0 left on base; Mississippi 4 - Colorado (EL) 6 |
| BOTTOM OF THE 7TH |
|
Colorado (EL) Rockies batting - Pitching for Mississippi Braves : RHP Josh Thomas
|
|
Pitching: LHP Juan Ramirez
|
|
|
Batting: RHB Matt Fabre
|
0-0: Ground out 5-3 (Groundball, 56S, EV 87.5 MPH)
|
|
Batting: LHB Eric Ludwig
|
0-0: Called Strike 0-1: Ball 1-1: Ground out 4-3 (Groundball, 4, EV 84.4 MPH)
|
|
Batting: RHB Ernest Olkowicz
|
0-0: Swinging Strike 0-1: Called Strike 0-2: Ball 1-2: Strikes out swinging
|
| Bottom of the 7th over - 0 runs, 0 hits, 0 errors, 0 left on base; Mississippi 4 - Colorado (EL) 6 |
| TOP OF THE 8TH |
|
Mississippi Braves batting - Pitching for Colorado (EL) Rockies : LHP Andy Silveira
|
|
Pitching: RHP Adrian de la Cerda
|
|
|
Batting: LHB Oke Monti
|
0-0: Ball 1-0: Ball 2-0: Ball 3-0: Called Strike 3-1: Foul Ball, location: 2F 3-2: Foul Ball, location: 2F 3-2: Base on Balls
|
|
Batting: RHB Hieronim Rutkowski
|
0-0: Ball 1-0: Ball 2-0: Fielders Choice at 2nd, 1-6 (Groundball, 13S, EV 74.4 MPH)
|
|
Batting: RHB Edgar Castillo
|
0-0: Foul Ball, location: 2F 0-1: Ball 1-1: Grounds into double play, 5-4-3 (Groundball, 5, EV 82.5 MPH)
|
| Top of the 8th over - 0 runs, 0 hits, 0 errors, 0 left on base; Mississippi 4 - Colorado (EL) 6 |
| BOTTOM OF THE 8TH |
|
Colorado (EL) Rockies batting - Pitching for Mississippi Braves : LHP Juan Ramirez
|
|
Batting: LHB Zack Guillen
|
0-0: Ball 1-0: Called Strike 1-1: Ball 2-1: Ground out U3 (Groundball, 3, EV 88.1 MPH)
|
|
Batting: RHB Andy Solorzano
|
0-0: Foul Ball, location: 2F 0-1: SOLO HOME RUN (Flyball, 7D, EV 98.1 MPH), Distance : 354 ft
|
|
Batting: SHB Pete Perla
|
0-0: Ball 1-0: Ball 2-0: Foul Ball, location: 2F 2-1: Swinging Strike 2-2: Ball 3-2: Foul Ball, location: 2F 3-2: Foul Ball, location: 2F 3-2: Ground out U3 (Groundball, 34, EV 78.1 MPH)
|
|
Batting: LHB Ryan Rodgers
|
0-0: Ground out U3 (Groundball, 23, EV 83.1 MPH)
|
| Bottom of the 8th over - 1 run, 1 hit, 0 errors, 0 left on base; Mississippi 4 - Colorado (EL) 7 |
| TOP OF THE 9TH |
|
Mississippi Braves batting - Pitching for Colorado (EL) Rockies : RHP Adrian de la Cerda
|
|
Pitching: RHP Dustin Deemer
|
|
|
Batting: RHB Mike Meeker
|
0-0: Called Strike 0-1: Foul Ball, location: 2F 0-2: Strikes out swinging
|
|
Pinch Hitting: SHB Bob Morales
|
0-0: Foul Ball, location: 2F 0-1: Called Strike 0-2: Strikes out swinging
|
|
Batting: RHB Andy Cunningham
|
0-0: Ball 1-0: SINGLE (Groundball, 6S, EV 65.0 MPH) (infield hit)
|
|
Batting: LHB Tsutomu Miyahara
|
0-0: Called Strike 0-1: Ball 1-1: Ball 2-1: Ball 3-1: Base on Balls Andy Cunningham to second
|
|
Batting: RHB Luis Revilla
|
0-0: Ball 1-0: Ball 2-0: Fly out, F8 (Line Drive, 8RD, EV 85.0 MPH)
|
| Top of the 9th over - 0 runs, 1 hit, 0 errors, 2 left on base; Mississippi 4 - Colorado (EL) 7 |
|